 Dungeon Crawl Stone Soup version 0.29-a0-414-g5075937ec3 (webtiles) character file.

Game seed: 1794904165103098235

72181 holysushi the Spry (level 15, -3/100 HPs)
             Began as a Kobold Artificer on May 16, 2022.
             Was the Champion of Dithmenos.
             Slain by a hornet (12 damage)
             ... created by a shambling mangrove
             ... on level 4 of the Lair of Beasts.
             The game lasted 00:42:02 (29126 turns).

holysushi the Spry (Kobold Artificer)              Turns: 29126, Time: 00:42:03

Health: -3/100     AC: 15    Str:  7    XL:     15   Next: 85%
Magic:  23/23      EV: 32    Int: 13    God:    Dithmenos [******]
Gold:   3278       SH: 15    Dex: 33    Spells: 14/14 levels left

rFire   + . .      SeeInvis .   F - +8 arc blade {discharge, rElec}
rCold   + . .      Faith    .   v - +3 buckler
rNeg    . . .      Spirit   .   c - +0 swamp dragon scales
rPois   +          Reflect  +   L - +2 hat {Will+}
rElec   +          Harm     .   B - +1 cloak of Starlight {*Dazzle EV+4 Stlth--}
rCorr   .          Rampage  .   M - +0 pair of gloves
Will    ++...                   x - +2 pair of boots of Subjectivity {Str-2 Dex+10}
Stlth   +++++++...              T - amulet of reflection
HPRegen 0.26/turn               b - ring of protection from cold
MPRegen 0.18/turn               y - ring of protection from fire

@: about to teleport, grasped by roots, wreathed by umbra, constricted
A: small, no large weapons, nightstalker 3
a: Renounce Religion, Shadow Step, Shadow Form


You were on level 4 of the Lair of Beasts.
You worshipped Dithmenos.
Dithmenos was exalted by your worship.
You visited 4 branches of the dungeon, and saw 20 of its levels.
You also visited: Ossuary, Bailey and Gauntlet.

You collected 3278 gold pieces.

Inventory:

Hand Weapons
 r - a +0 short sword of chaos
 F - the +8 arc blade (weapon) {discharge, rElec}
   (You acquired it on level 8 of the Dungeon)

   It occasionally unleashes powerful arcs of lightning upon striking a foe.
   These may arc to other adjacent creatures (including the wielder, but dealing
   reduced damage to them) before grounding out.
   rElec:     It insulates you from electricity.
Missiles
 Y - 2 throwing nets
Armour
 c - +0 swamp dragon scales (worn)
 v - a +3 buckler (worn)
 x - the +2 pair of boots of Subjectivity (worn) {Str-2 Dex+10}
   (You found it in a Gauntlet)

   Str:       It affects your strength (-2).
   Dex:       It affects your dexterity (+10).
 z - +0 steam dragon scales
 B - the +1 cloak of Starlight (worn) {*Dazzle EV+4 Stlth--}
   (You acquired it in a bailey)

   It may blind those who miss an attack against the wearer in melee combat.
   EV:        It affects your evasion (+4).
   Stlth:     It makes you much less stealthy.
 L - a +2 hat of willpower (worn)
 M - a +0 pair of gloves (worn)
Jewellery
 b - a ring of protection from cold (left hand)
 y - a ring of protection from fire (right hand)
 T - an amulet of reflection (around neck)
Wands
 d - a wand of charming (13)
 e - a wand of iceblast (37)
 j - a wand of acid (4)
 C - a wand of mindburst (23)
 N - a wand of polymorph (12)
 Q - a wand of flame (27)
Scrolls
 f - 2 scrolls of magic mapping
 g - 15 scrolls of identify
 k - 2 scrolls of enchant weapon
 q - 9 scrolls of teleportation
 t - 5 scrolls of fog
 u - 4 scrolls of blinking {unknown}
 D - 5 scrolls of summoning
 I - 2 scrolls of brand weapon
 J - 4 scrolls of amnesia
 K - 3 scrolls of silence
 P - 4 scrolls of torment {unknown}
 R - 4 scrolls of noise {unknown}
 X - 2 scrolls of enchant armour
Potions
 h - 13 potions of curing
 i - 8 potions of heal wounds
 l - 6 potions of invisibility
 m - 6 potions of lignification
 n - 3 potions of cancellation
 o - 5 potions of haste
 p - 2 potions of flight
 s - 4 potions of degeneration
 w - 5 potions of mutation
 A - 4 potions of brilliance
 G - 4 potions of magic
 H - 3 potions of might
 S - 3 potions of attraction {unknown}
 U - a potion of resistance {unknown}
 W - 6 potions of ambrosia
Miscellaneous
 a - a box of beasts
 O - a phantom mirror


   Skills:
 - Level 14.0 Fighting
 - Level 14.0 Short Blades
 - Level 0.7 Armour
 - Level 20.0 Dodging
 - Level 10.0 Stealth
 + Level 10.7 Invocations
 - Level 7.0 Evocations


You had 14 spell levels left.
You didn't know any spells.
Your spell library contained the following spells:

 Spells                   Type           Power      Damage    Failure   Level
 Animate Skeleton         Necr           0%         N/A       86%         1
 Beastly Appendage        Tmut           0%         N/A       86%         1
 Pain                     Necr           0%         1d4       86%         1
 Slow                     Hex            0%         N/A       86%         1
 Corpse Rot               Necr/Air       0%         N/A       94%         2
 Poisonous Vapours        Pois/Air       0%         N/A       94%         2
 Wereblood                Tmut           0%         N/A       94%         2
 Call Canine Familiar     Summ           0%         N/A       99%         3
 Confusing Touch          Hex            0%         N/A       99%         3
 Conjure Flame            Conj/Fire      0%         6-21      99%         3
 Dazzling Flash           Conj/Hex       0%         N/A       99%         3
 Gell's Gravitas          Tloc           0%         N/A       99%         3
 Ignite Poison            Fire/Tmut/Pois 0%         N/A       99%         3
 Lesser Beckoning         Tloc           0%         N/A       99%         3
 Mephitic Cloud           Conj/Pois/Air  0%         N/A       99%         3
 Portal Projectile        Hex/Tloc       0%         N/A       99%         3
 Spider Form              Tmut/Pois      0%         N/A       99%         3
 Teleport Other           Tloc           0%         N/A       99%         3
 Vampiric Draining        Necr           0%         2d6       99%         3
 Hailstorm                Conj/Ice       0%         3d3       100%        4
 Ice Form                 Ice/Tmut       0%         N/A       100%        4
 Leda's Liquefaction      Hex/Erth       0%         N/A       100%        4
 Sticky Flame             Conj/Fire      0%         2d3       100%        4
 Agony                    Necr           0%         N/A       100%        5
 Lightning Bolt           Conj/Air       0%         1d11      100%        5
 Silence                  Hex/Air        0%         N/A       100%        5
 Simulacrum               Ice/Necr       0%         N/A       100%        6


Dungeon Overview and Level Annotations

Branches:
Dungeon (11/15)            Temple (0/1) D:7            Lair (6/6) D:11
  Swamp (1/4) Lair:4        Snake (0/4) Lair:2        Slime (0/5) Lair:6
    Orc (2/2) D:10            Elf (0/3) Orc:2       Ossuary (visited)
 Bailey (visited)         Gauntlet (visited)

Altars:
Dithmenos
Fedhas
Gozag
Hepliaklqana
Kikubaaqudgha
Okawaru
Qazlal
Sif Muna
Trog
Uskayaw
Wu Jian
Xom
The Shining One
Beogh
Jiyva

Shops:
D:9 (   Orc:2 [[(*

Annotations:
Orc:1 exclusion: downstairs
Orc:2 1 exclusion


Innate Abilities, Weirdness & Mutations

You are small and have problems with some larger weapons.
You are completely attuned to the shadows.


Message History

You completely miss the shambling mangrove.
The shambling mangrove is severely damaged.
You are engulfed in spectral mist.
You block the hornet's attack.
You block the shambling mangrove's attack.
The grasping roots constrict you.
Unknown command.
You hit the shambling mangrove but do no damage.
The shambling mangrove is severely damaged.
Your shadow hits the shambling mangrove but does no damage.
You are engulfed in spectral mist.
The hornet completely misses you. You block the ghost crab's attack.
The ghost crab completely misses you.
Unknown command.
You hit the ghost crab.
The ghost crab is heavily damaged.
Your shadow hits the ghost crab with a rapier!
You are engulfed in spectral mist.
The hornet completely misses you. The hornet misses you.
The shambling mangrove hits you. The grasping roots constrict you!
The ghost crab barely misses you. The ghost crab misses you.
You hit the ghost crab.
The ghost crab is severely damaged.
You are engulfed in spectral mist.
* * * LOW HITPOINT WARNING * * *
The hornet completely misses you.
The hornet stings you but does no damage.
Unknown command.
You puncture the ghost crab!
The ghost crab is almost destroyed.
You are engulfed in spectral mist.
* * * LOW HITPOINT WARNING * * *
You block the ghost crab's attack. x2; The hornet completely misses you. x2
You block the shambling mangrove's attack.
The grasping roots constrict you.
* * * LOW HITPOINT WARNING * * *
The hornet barely misses you.
As you read the scroll of teleportation, it crumbles to dust.
You feel strangely unstable.
You are engulfed in spectral mist.
* * * LOW HITPOINT WARNING * * *
The hornet stings you!
You die...

.................................
.................................
.................................
.............P..P#...............
P.##..P..#...P...................
##.#..P..#....§§....##..#####.###
##......##....§§§≈.§§#..# ####
.#............≈§yf§§....####..###
.#......#.....≈≈@t§§.#...##......
.#.......#....≈≈yy§§............#
#...###.##.....≈≈§.§..............................
..##P####....###.....#.#.##..#### #P#### ######
####.####.##### ### ### ###


You could see a shambling mangrove, a ghost crab and 3 hornets.

Vanquished Creatures
  Gastronok (D:8)
  The ghost of Chip75 the Protected, a journeyman HOFi (Lair:5)
  A minotaur (Gauntlet)
  Snorg (Orc:2)
  3 boulder beetles
  A catoblepas (Gauntlet)
  An ogre mage (D:11)
  Erolcha (D:9)
  6 hydras
  A merfolk avatar (Lair:6)
  An alligator (Lair:6)
  A centaur warrior (D:11)
  A death knight (D:11)
  6 death yaks
  3 two-headed ogres
  A tengu warrior (Gauntlet)
  Nergalle (Lair:4)
  An orc high priest (Orc:2)
  Urug (D:10)
  A soul eater (Gauntlet)
  2 sea snakes (Lair:6)
  A lindwurm (Lair:5)
  A wizard (D:10)
  4 orc knights
  4 orc sorcerers
  An ugly thing (D:11)
  An oklob plant (Lair:6)
  2 cyclopes (D:11)
  10 elephants (Lair:6)
  2 manticores (Lair:6)
  Maurice (D:8)
  2 black mambas
  Maggie (D:8)
  5 cane toads
  2 kobold demonologists
  2 gargoyles
  4 rime drakes
  12 komodo dragons
  A demonic crawler (Lair:4)
  3 tengu conjurers
  An efreet (D:11)
  An ice devil (Gauntlet)
  3 polar bears
  A queen bee (Lair:6)
  5 trolls
  A hornet (Lair:5)
  A meliai (shapeshifter) (D:11)
  A tyrant leech (Lair:4)
  3 meliai (Lair:6)
  9 blink frogs (Lair:6)
  2 slime creatures (D:11)
  A snapping turtle (Lair:6)
  Grinder (D:6)
  A jumping spider (shapeshifter) (D:11)
  2 shadows (D:11)
  4 wyverns
  3 wraiths
  4 basilisks
  4 vampires
  58 yaks
  2 vampire mosquitoes (D:11)
  Menkaure (D:6)
  5 steam dragons
  Grum (Lair:1)
  A naga (Lair:2)
  3 swamp worms
  Duvessa (D:4)
  14 water moccasins
  24 orc warriors
  An ice beast (D:5)
  3 sky beasts
  A black bear (D:6)
  6 ogres
  10 centaurs
  11 wolves
  A gnoll sergeant (D:11)
  2 kobold brigands
  19 bullfrogs
  A necrophage (D:5)
  4 scorpions
  A water moccasin zombie (D:6)
  Dowan (D:4)
  38 killer bees
  5 howler monkeys
  8 jellies
  6 electric eels
  7 bullfrog zombies (D:6)
  A centaur zombie (D:6)
  5 hounds
  9 orc priests
  A bullfrog skeleton (D:6)
  3 iguanas
  A gnoll shaman (D:8)
  18 orc wizards
  6 hell rats (Lair:4)
  8 mummies (Ossuary)
  2 howler monkey zombies (D:6)
  13 gnolls
  4 adders
  5 shadow imps
  3 white imps
  An ufetubus (D:5)
  2 dart slugs
  70 orcs
  8 bats
  3 endoplasms
  3 giant cockroaches
  A gnoll zombie (Ossuary)
  10 goblins
  8 hobgoblins
  2 jackals (D:3)
  10 kobolds
  4 quokkas
  9 ball pythons
  4 frilled lizards
  2 hobgoblin zombies (Ossuary)
  2 kobold zombies (Ossuary)
  3 orc zombies (Ossuary)
  7 rats
606 creatures vanquished.

Vanquished Creatures (collateral kills)
  Joseph (D:7)
  A tarantella (shapeshifter) (D:7)
  An ogre (D:7)
3 creatures vanquished.

Vanquished Creatures (others)
  A wizard (D:5)
  A gargoyle (Gauntlet)
  A queen bee (shapeshifter) (D:11)
  A vampire (D:9)
  An orc warrior (Bailey)
  An orc wizard (Orc:2)
  32 fungi
  53 plants
  5 withered plants (D:6)
96 creatures vanquished.

Grand Total: 705 creatures vanquished

Notes
Turn   | Place    | Note
-------+----------+-------------------------------------------
     0 | D:1      | holysushi the Kobold Artificer began the quest for the Orb.
     0 | D:1      | Reached XP level 1. HP: 12/12 MP: 1/1
   172 | D:1      | Reached XP level 2. HP: 17/17 MP: 2/2
   243 | D:1      | Found a faded altar of an unknown god.
  1184 | D:1      | Reached XP level 3. HP: 8/23 MP: 3/3
  1982 | D:2      | Reached skill level 1 in Short Blades
  2613 | D:3      | Reached XP level 4. HP: 25/28 MP: 4/4
  2921 | D:3      | Reached XP level 5. HP: 32/32 MP: 5/5
  2979 | D:3      | Found a shimmering blue altar of Sif Muna.
  3337 | D:3      | Found an ancient bone altar of Kikubaaqudgha.
  3811 | D:3      | Found a hazy altar of Hepliaklqana.
  4068 | D:3      | Reached skill level 5 in Short Blades
  5226 | D:4      | Reached XP level 6. HP: 30/37 MP: 6/6
  5517 | D:4      | Noticed Dowan
  5572 | D:4      | Found a shadowy altar of Dithmenos.
  5809 | D:4      | Became a worshipper of Dithmenos the Shadowed
  6404 | D:4      | Noticed Duvessa
  6407 | D:4      | Killed Dowan
  6413 | D:4      | Killed Duvessa
  6414 | D:4      | Reached XP level 7. HP: 24/41 MP: 7/7
  6901 | D:5      | Entered Level 5 of the Dungeon
  6932 | D:5      | Found a bloodstained altar of Trog.
  6935 | D:5      | Noticed a wizard
  6947 | D:5      | Killed a wizard
  7274 | D:5      | Found a blossoming altar of Fedhas.
  7610 | D:5      | Reached skill level 3 in Dodging
  7975 | D:6      | Reached XP level 8. HP: 37/47 MP: 8/8
  8291 | D:6      | Noticed Grinder
  8292 | D:6      | Reached skill level 4 in Dodging
  8513 | D:6      | Killed Grinder
  8514 | D:6      | Reached skill level 5 in Dodging
  8640 | D:6      | Noticed a two-headed ogre
  8826 | D:6      | Found a shimmering altar of Xom.
  9105 | D:6      | Reached * piety under Dithmenos
  9106 | D:6      | Reached skill level 6 in Dodging
  9166 | D:6      | Killed a two-headed ogre
  9167 | D:6      | Reached skill level 5 in Fighting
  9167 | D:6      | Reached skill level 10 in Short Blades
  9167 | D:6      | Reached skill level 7 in Dodging
  9167 | D:6      | Reached XP level 9. HP: 54/54 MP: 9/9
  9291 | D:6      | Noticed Menkaure
  9353 | D:6      | Killed Menkaure
  9354 | D:6      | Reached skill level 8 in Dodging
  9961 | D:7      | Found a flagged portal.
  9980 | Bailey   | Entered a bailey
 10178 | Bailey   | Reached skill level 9 in Dodging
 10353 | Bailey   | Noticed an orc knight
 10355 | Bailey   | Reached ** piety under Dithmenos
 10363 | Bailey   | Reached XP level 10. HP: 41/61 MP: 10/10
 10377 | Bailey   | Killed an orc knight
 10388 | Bailey   | Reached skill level 10 in Dodging
 10434 | Bailey   | Acquired the +1 cloak of Starlight {*Dazzle EV+4 Stlth--}
 10434 | Bailey   | Found the +1 cloak of Starlight {*Dazzle EV+4 Stlth--}
 10575 | D:7      | Found a staircase to the Ecumenical Temple.
 10613 | D:7      | Found an iron altar of Okawaru.
 10916 | D:7      | Noticed Joseph
 10949 | D:7      | Noticed a guardian serpent
 10949 | D:7      | a shapeshifter changed into a guardian serpent
 10965 | D:7      | Killed Joseph
 11268 | D:7      | Reached skill level 11 in Dodging
 12034 | D:8      | Acquired the +8 arc blade {discharge, rElec}
 12034 | D:8      | Found the +8 arc blade {discharge, rElec}
 12147 | D:8      | Found a sand-covered staircase.
 12152 | Ossuary  | Entered an ossuary
 12629 | D:8      | Noticed Maurice
 12643 | D:8      | Killed Maurice
 12643 | D:8      | Reached *** piety under Dithmenos
 12644 | D:8      | Reached XP level 11. HP: 43/68 MP: 11/11
 12884 | D:8      | Noticed Gastronok
 12892 | D:8      | Killed Gastronok
 12892 | D:8      | Noticed Maggie
 12893 | D:8      | Reached skill level 12 in Dodging
 12901 | D:8      | Killed Maggie
 13612 | D:9      | Found a glowing golden altar of the Shining One.
 13663 | D:9      | Noticed Erolcha
 13671 | D:9      | Killed Erolcha
 13672 | D:9      | Reached skill level 13 in Dodging
 14366 | D:9      | Found Ydghaj's Antique Weapon Shop.
 14533 | D:10     | Entered Level 10 of the Dungeon
 14668 | D:10     | Noticed Urug
 14672 | D:10     | Killed Urug
 14680 | D:10     | Noticed a wizard
 14681 | D:10     | Noticed an orc sorcerer
 14684 | D:10     | Killed a wizard
 14687 | D:10     | Noticed a sun demon
 14691 | D:10     | Killed an orc sorcerer
 14693 | D:10     | Got the Papyrus of Transmutation and Conjuration
 14753 | D:10     | Found a staircase to the Orcish Mines.
 14776 | D:10     | Reached XP level 12. HP: 76/76 MP: 12/12
 14849 | D:10     | Found an opulent altar of Gozag.
 14956 | D:10     | Reached skill level 14 in Dodging
 15087 | D:10     | Found a stormy altar of Qazlal.
 15110 | D:10     | Noticed a two-headed ogre
 15115 | D:10     | Killed a two-headed ogre
 15361 | Orc:1    | Entered Level 1 of the Orcish Mines
 15372 | Orc:1    | Reached skill level 10 in Fighting
 15550 | Orc:1    | Noticed Snorg
 15564 | Orc:1    | Found a runed translucent door.
 16049 | Orc:1    | Reached **** piety under Dithmenos
 16161 | Orc:2    | Entered Level 2 of the Orcish Mines
 16217 | Orc:2    | Noticed an orc high priest
 16250 | Orc:2    | Killed an orc high priest
 16251 | Orc:2    | Reached skill level 15 in Dodging
 16467 | Orc:2    | Noticed an orc warlord
 16863 | Orc:2    | Noticed a two-headed ogre
 16868 | Orc:2    | Killed a two-headed ogre
 17347 | Orc:2    | Reached skill level 16 in Dodging
 17942 | Orc:2    | Found Bonayl's Armour Emporium.
 17950 | Orc:2    | Found a staircase to the Elven Halls.
 18126 | Orc:2    | Killed Snorg
 18236 | Orc:2    | Reached XP level 13. HP: 84/84 MP: 13/13
 18363 | Orc:2    | Found Zomoll's Antique Armour Shop.
 18469 | Orc:2    | Found Xamitaep's General Store.
 18489 | Orc:2    | Found Plog's Antique Weapon Shop.
 18821 | D:11     | Found a staircase to the Lair.
 18842 | D:11     | Noticed a boulder beetle
 18853 | D:11     | Killed a boulder beetle
 18854 | D:11     | Reached skill level 17 in Dodging
 18854 | D:11     | Noticed a six-headed hydra
 18857 | D:11     | Killed a six-headed hydra
 18965 | D:11     | Reached ***** piety under Dithmenos
 19545 | D:11     | Reached skill level 18 in Dodging
 19625 | D:11     | Noticed an ogre mage
 19629 | D:11     | Killed an ogre mage
 19807 | D:11     | Noticed a centaur warrior
 19820 | D:11     | Killed a centaur warrior
 20421 | Lair:1   | Entered Level 1 of the Lair of Beasts
 20642 | Lair:1   | Noticed Grum
 20654 | Lair:1   | Killed Grum
 21116 | Lair:1   | Reached skill level 19 in Dodging
 21116 | Lair:1   | Reached XP level 14. HP: 90/94 MP: 14/14
 21773 | Lair:2   | Found an ornate altar of the Wu Jian Council.
 21774 | Lair:2   | Found a hide-covered altar of Uskayaw.
 22292 | Lair:2   | Found a staircase to the Snake Pit.
 22957 | Lair:3   | Reached skill level 1 in Invocations
 22982 | Lair:3   | Found a gate leading to a gauntlet.
 23006 | Gauntlet | Entered a Gauntlet
 23006 | Gauntlet | Found a large runed translucent door.
 23006 | Gauntlet | Found a large runed translucent door.
 23006 | Gauntlet | Found a large runed translucent door.
 23006 | Gauntlet | Found a large runed translucent door.
 23045 | Gauntlet | Found a transporter.
 23052 | Gauntlet | Found a runed translucent gate.
 23052 | Gauntlet | Found a runed translucent gate.
 23052 | Gauntlet | Found a runed translucent gate.
 23055 | Gauntlet | Found a large runed translucent door.
 23055 | Gauntlet | Found a large runed translucent door.
 23059 | Gauntlet | Found a transporter.
 23063 | Gauntlet | Found a transporter.
 23092 | Gauntlet | Found a transporter.
 23109 | Gauntlet | Found a transporter.
 23132 | Gauntlet | Found a transporter.
 23153 | Gauntlet | Found a large runed translucent door.
 23154 | Gauntlet | Found a large runed translucent door.
 23155 | Gauntlet | Found a large runed translucent door.
 23155 | Gauntlet | Found a large runed translucent door.
 23156 | Gauntlet | Found a runed translucent door.
 23157 | Gauntlet | Found a transporter.
 23158 | Gauntlet | Found a runed translucent door.
 23159 | Gauntlet | Found a large runed translucent door.
 23159 | Gauntlet | Found a large runed translucent door.
 23171 | Gauntlet | Found a transporter.
 23207 | Gauntlet | Found a transporter.
 23262 | Gauntlet | Found a large runed translucent door.
 23263 | Gauntlet | Found a large runed translucent door.
 23278 | Gauntlet | Found a large runed translucent door.
 23278 | Gauntlet | Found a large runed translucent door.
 23298 | Gauntlet | Identified the +2 pair of boots of Subjectivity {Str-2
                  | Dex+10}
 23322 | Gauntlet | Found a transporter.
 23350 | Gauntlet | Reached skill level 20 in Dodging
 23494 | Gauntlet | Reached skill level 5 in Stealth
 23542 | Gauntlet | Noticed a minotaur
 23553 | Gauntlet | Killed a minotaur
 23711 | Lair:3   | Reached ****** piety under Dithmenos
 23908 | Lair:3   | Reached skill level 5 in Evocations
 24484 | Lair:4   | Found a staircase to the Swamp.
 24564 | Lair:4   | Noticed Nergalle
 24583 | Lair:4   | Killed Nergalle
 26182 | Lair:5   | Reached XP level 15. HP: 100/100 MP: 18/18
 26298 | Lair:5   | Found a runed translucent gate.
 26304 | Lair:5   | Found a runed translucent gate.
 26305 | Lair:5   | Found a runed translucent gate.
 26307 | Lair:5   | Noticed Chip75's ghost (journeyman HOFi)
 26737 | Lair:5   | Reached skill level 5 in Invocations
 26748 | Lair:5   | Killed Chip75's ghost
 26889 | Lair:6   | Entered Level 6 of the Lair of Beasts
 27070 | Lair:6   | Found a viscous altar of Jiyva.
 27070 | Lair:6   | Found a staircase to the Slime Pits.
 27193 | Lair:6   | Reached skill level 10 in Stealth
 27722 | Lair:6   | Reached skill level 10 in Invocations
 28859 | D:8      | Acquired 986 gold pieces
 29108 | Swamp:1  | Entered Level 1 of the Swamp
 29126 | Lair:4   | Slain by a hornet

Illustrated notes

Levels and vault maps discovered:
D:1:      dpeg_arrival_rooms_b, layout_rooms, basic_ecumenical_altar,
          nicolae_figureground_pulse
D:2:      layout_rooms, nrook_mini_vaults
D:3:      layout_basic, nzn_hepliaklqana_mist_gate, led_sif_pool,
          old_standard_altar, serial_curves, eino_curves_04, eino_curves_03
D:4:      layout_layer_cave, grunt_dithmenos_smoke_and_mirrors,
          kennysheep_pointless_box, uniq_duvessa
D:5:      layout_basic, lemuel_coloured_pillars_altar, trog_wizard,
          moated_statue, kennysheep_generic_room_4
D:6:      layout_basic, mainiacjoe_overflow_cross_hatched, serial_undead,
          serial_undead_c, serial_undead_f, serial_undead_c, serial_undead_a,
          serial_undead_e, serial_undead_c, serial_undead_f, serial_undead_e,
          nrook_loot_triangle, uniq_grinder, uniq_menkaure
D:7:      layout_gridville, mainiacjoe_overflow_concentric_impassable,
          mainiacjoe_overflow_24_doors, minmay_temple_entry_glassed_door,
          enter_bailey_5, dk_rats_in_the_wall, uniq_joseph
D:8:      layout_cave_pods, enter_ossuary_5, uniq_maggie, uniq_gastronok,
          uniq_maurice
D:9:      layout_long_grid, mainiacjoe_overflow_paths, kennysheep_windowed_goal,
          uniq_erolcha
D:10:     cheibrodos_wizards_tower, layout_loops_cross, grunt_gozag_statues,
          nicolae_overflow_hidden_temple, orc_0_dummy, uniq_urug
D:11:     minmay_the_grid_triangle_9x9_recursive_3
          [minmay_the_grid_triangle_9x9_empty,
          minmay_the_grid_triangle_9x9_semitri,
          minmay_the_grid_triangle_9x9_intruding_spiral,
          minmay_the_grid_triangle_9x9_prize_insulated,
          minmay_the_grid_triangle_9x9_zippers_horizontal,
          minmay_the_grid_triangle_9x9_shrine,
          minmay_the_grid_triangle_9x9_descending_squares,
          minmay_the_grid_triangle_9x9_alien,
          minmay_the_grid_triangle_9x9_cache], layout_gridville,
          grunt_lair_entry_orc_guard_hut
Lair:1:   layout_layer_cave, infiniplex_staircase_pool_2, uniq_grum
Lair:2:   layout_gridlike, guppyfry_snake_entry_garden,
          nzn_masters_of_martial_movement
Lair:3:   layout_chaotic_city, gauntlet_entry_generic, beast_lair_carwin_5,
          serial_bayou_shore_a, infiniplex_staircase_pool, lemuel_fruit_tree,
          serial_bayou_shore_b, grunt_megastairs_3
Lair:4:   layout_regular_city, minmay_swamp_entry_eels,
          nicolae_quartered_pool_little, chequers_serial_rivers_room_a,
          chequers_serial_rivers_micro_d, worms_lemuel, uniq_nergalle
Lair:5:   layout_regular_city, gammafunk_ghost_split
Lair:6:   gammafunk_lair_ancient_temple, layout_cave_pods, slime_altar_1,
          special_room [special_room_bee]
Swamp:1:  layout_falls_marsh, evilmike_swamp_ruin_house_5, uniq_louise
Orc:1:    layout_caves, basic_altar, lightli_church_of_beogh, uniq_snorg
Orc:2:    grunt_orc_cross, layout_caves, serial_shops, nicolae_shop_hallway_plus

Skill      XL: |  1  2  3  4  5  6  7  8  9 10 11 12 13 14 15 |
---------------+----------------------------------------------+-----
Fighting       | 2 3 5 6 8 9 11 13 14 | 14.0
Short Blades   | 2 4 5 8 9 10 11 12 13 14 | 14.0
Dodging        | 3 7 9 11 13 16 19 20 | 20.0
Stealth        | 2 4 7 10 | 10.0
Invocations    | 4 10 | 10.7
Evocations     | 6 7 |  7.0
Armour         | |  0.7

Action                   |  1- 3 |  4- 6 |  7- 9 | 10-12 | 13-15 || total
-------------------------+-------+-------+-------+-------+-------++-------
Melee: Club              |    88 |       |       |       |       ||    88
       Punch             |     1 |       |       |       |       ||     1
       Dagger            |    56 |       |       |       |       ||    56
       Short sword       |     9 |   157 |   302 |    83 |       ||   551
       Rapier            |       |       |       |   370 |   853 ||  1223
Evoke: Wand              |     2 |    10 |     8 |     3 |       ||    23
       Box of beasts     |       |       |     1 |     2 |       ||     3
  Use: Scroll            |       |       |    14 |    13 |     5 ||    32
       Potion            |       |       |     1 |       |     3 ||     4
 Stab: Sleeping          |    15 |    18 |     7 |    12 |    27 ||    79
       Distracted        |       |     1 |     5 |     3 |    10 ||    19
       Paralysed         |       |       |     2 |       |       ||     2
       Invisible         |       |       |     3 |    24 |    40 ||    67
       Petrifying        |       |       |     1 |       |       ||     1
Armor: Leather armour    |    38 |    24 |    24 |       |       ||    86
       Steam dragon scal |       |       |    48 |    24 |    32 ||   104
       Swamp dragon scal |       |       |       |       |     1 ||     1
Dodge: Dodged            |   129 |    77 |   243 |   248 |   592 ||  1289
Block: Buckler           |       |    23 |    57 |    84 |   319 ||   483
       Reflection        |       |       |       |       |     2 ||     2

Table legend: (Time is in decaauts)
 A = Elapsed time spent in this place.
 B = Non-inter-level travel time spent in this place.
 C = Inter-level travel time spent in this place.
 D = Time resting spent in this place.
 E = Time spent auto-exploring this place.
 F = Levels seen in this place.
 G = Mean time per level.
                   A        B        C        D        E       F      G
               +--------+--------+--------+--------+--------+-----+--------+
         Total |  28639 |  27169 |   1470 |   6016 |  15684 |  23 | 1245.2 |
       Dungeon |  16495 |  15485 |   1010 |   4105 |   8432 |  11 | 1499.5 |
          Lair |   7699 |   7354 |    345 |    547 |   5684 |   6 | 1283.2 |
         Swamp |      6 |      6 |      0 |      0 |      0 |   1 |    6.0 |
  Orcish Mines |   3108 |   2995 |    113 |   1058 |   1238 |   2 | 1554.0 |
       Ossuary |    250 |    250 |      0 |      0 |    114 |   1 |  250.0 |
        Bailey |    552 |    552 |      0 |    306 |     12 |   1 |  552.0 |
      Gauntlet |    526 |    526 |      0 |      0 |    204 |   1 |  526.0 |
               +--------+--------+--------+--------+--------+-----+--------+

Top non-repeatable levels by time:
     D:4: 2205 daAuts
     D:3: 2075 daAuts
     D:1: 1791 daAuts
   Orc:2: 1768 daAuts
  Lair:6: 1740 daAuts
    D:11: 1706 daAuts
     D:5: 1527 daAuts
     D:7: 1451 daAuts
     D:6: 1411 daAuts
   Orc:1: 1339 daAuts
  Lair:4: 1300 daAuts
     D:8: 1298 daAuts
  Lair:1: 1289 daAuts
     D:9: 1201 daAuts
  Lair:2: 1149 daAuts
